 Dungeon Crawl Stone Soup version 0.22-a0-750-ga7dcef7 (webtiles) character file.

9 Amnesiac the Digger (level 2, 18/19 HPs)
             Began as a Demonspawn Earth Elementalist on July 16, 2018.
             Quit the game on level 1 of the Dungeon.
             The game lasted 00:00:39 (310 turns).

Amnesiac the Digger (Demonspawn Earth Elementalist)  Turns: 310, Time: 00:00:40

Health: 18/19      AC:  2    Str:  8    XL:     2   Next: 6%
Magic:  5/5        EV: 12    Int: 16    God:
Gold:   0          SH:  0    Dex: 13    Spells: 4/5 levels left

rFire    . . .     SeeInvis .   e - +0 hunting sling
rCold    . . .     Gourm    .   (no shield)
rNeg     . . .     Faith    .   c - +0 robe
rPois    .         Spirit   .   (helmet restricted)
rElec    .         Reflect  .   (no cloak)
rCorr    .         Harm     .   (no gloves)
MR       .....                  (no boots)
Stlth    ++........             (no amulet)
HPRegen  0.06/turn              (no ring)
MPRegen  0.09/turn              (no ring)

@: no status effects
A: horns 1
a: no special abilities


You were on level 1 of the Dungeon.
You were not hungry.

You visited 1 branch of the dungeon, and saw 1 of its levels.

Inventory:

Hand Weapons
 e - a +0 hunting sling (weapon)
Missiles
 b - 11 stones (quivered)
Armour
 c - a +0 robe (worn)
Scrolls
 g - a scroll of fog {!r, unknown}
Potions
 a - a potion of ambrosia {!q, unknown}
 h - a potion of flight {!q, unknown}
Comestibles
 d - a ration
 f - a chunk of flesh


   Skills:
 - Level 1.7 Dodging
 - Level 2.0 Stealth
 + Level 2.1 Spellcasting
   Level 0.8 Transmutations
 * Level 3.0 Earth Magic


You had 4 spell levels left.
You knew the following spells:

 Your Spells              Type           Power        Failure   Level  Hunger
a - Sandblast             Erth           ##....       6%          1    #......

Your spell library contained the following spells:

 Spells                   Type           Power        Failure   Level  Hunger
 Stone Arrow              Conj/Erth      #.....       32%         3    ###....
 Passwall                 Tmut/Erth      #.......     14%         2    ###....
 Lee's Rapid Deconstruct  Erth           ##........   85%         5    ######.
 Petrify                  Tmut/Erth      #.......     65%         4    #####..


Dungeon Overview and Level Annotations

Branches:
Dungeon (1/15)

Altars:


Innate Abilities, Weirdness & Mutations

You have a pair of small horns on your head.


Message History

Firing (i - inventory)
b - 23 stones (quivered)
Press: ? - help, Shift-Dir - straight line, f/p - bat
Aim: a bat You shoot a stone.
The stone barely misses the bat.
The bat closely misses you.
No target in view!
The bat closely misses you.
Firing (i - inventory)
b - 22 stones (quivered)
Press: ? - help, Shift-Dir - straight line, f/p - bat
Aim: a bat You shoot a stone.
The stone barely misses the bat.
The bat hits you.
Firing (i - inventory)
b - 21 stones (quivered)
Press: ? - help, Shift-Dir - straight line, f/p - bat
Aim: a bat You shoot a stone.
The stone closely misses the bat.
The bat barely misses you.
Firing (i - inventory)
b - 20 stones (quivered)
Press: ? - help, Shift-Dir - straight line, f/p - bat
Aim: a bat You shoot a stone.
The stone closely misses the bat.
The bat hits you but does no damage. The bat barely misses you.
Firing (i - inventory)
b - 19 stones (quivered)
Press: ? - help, Shift-Dir - straight line, f/p - bat
Aim: a bat You shoot a stone.
The stone barely misses the bat.
The bat closely misses you.
Firing (i - inventory)
b - 18 stones (quivered)
Press: ? - help, Shift-Dir - straight line, f/p - bat
Aim: a bat You shoot a stone.
The stone misses the bat.
The bat misses you.
Firing (i - inventory)
b - 17 stones (quivered)
Press: ? - help, Shift-Dir - straight line, f/p - bat
Aim: a bat You shoot a stone.
The stone barely misses the bat.
The bat barely misses you.
Firing (i - inventory)
b - 16 stones (quivered)
Press: ? - help, Shift-Dir - straight line, f/p - bat
Aim: a bat You shoot a stone.
The stone hits the bat.
You kill the bat!
Training target 2.0 for Stealth reached!
Your Stealth skill increases to level 2!
Your Earth Magic skill increases to level 3!
Firing (i - inventory)
b - 15 stones (quivered)
Press: ? - help, Shift-Dir - straight line, f - leopard gecko
Aim: a leopard gecko (severely wounded)
You shoot a stone. The stone hits the leopard gecko.
The leopard gecko is almost dead.
Firing (i - inventory)
b - 14 stones (quivered)
Press: ? - help, Shift-Dir - straight line, f/p - leopard gecko
Aim: a leopard gecko (almost dead, clinging)
You shoot a stone.
The stone closely misses the leopard gecko.
The leopard gecko closely misses you.
Firing (i - inventory)
b - 13 stones (quivered)
Press: ? - help, Shift-Dir - straight line, f/p - leopard gecko
Aim: a leopard gecko (almost dead, clinging)
You shoot a stone. The stone misses the leopard gecko.
The leopard gecko barely misses you.
Firing (i - inventory)
b - 12 stones (quivered)
Press: ? - help, Shift-Dir - straight line, f/p - leopard gecko
Aim: a leopard gecko (almost dead, clinging)
You shoot a stone. The stone hits the leopard gecko.
You kill the leopard gecko!
You have reached level 2!
Your demonic ancestry asserts itself...
A pair of horns grows on your head!
Are you sure you want to abandon this character and quit the game? (Confirm with "yes".)

....#รท########...#.#######.#
....#...........(#..# #.#
#############....#..# #.#
#.....# #.# #.....# .#
#.....# #..#...... #.(#.#####
#(@#.. #..#..# #((.......
#.##..#### #.# ..# #.# .(#
#.# .(# #.. .. ## ((#


There were no monsters in sight!

Vanquished Creatures
  2 leopard geckos (D:1)
  A bat (D:1)
  A goblin (D:1)
  A hobgoblin (D:1)
  A frilled lizard (D:1)
  A rat (D:1)
7 creatures vanquished.

Notes
Turn   | Place    | Note
-------+----------+-------------------------------------------
     0 | D:1      | Amnesiac the Demonspawn Earth Elementalist began the quest for the Orb.
     0 | D:1      | Reached XP level 1. HP: 13/13 MP: 3/3
   305 | D:1      | Reached skill level 3 in Earth Magic
   309 | D:1      | Gained mutation: You have a pair of small horns on your head. [demonic ancestry]
   309 | D:1      | Reached XP level 2. HP: 18/19 MP: 5/5
   310 | D:1      | Quit the game

Vault maps used:
D:1:      minmay_arrival_checkered_box

Skill      XL: |  1 |
---------------+----+-----
Stealth        | 2 |  2.0
Earth Magic    | 3 |  3.0
Dodging        | |  1.7
Spellcasting   | |  2.1
Transmutations | |  0.8

Action                   || total
-------------------------++-------
Melee: Unarmed           ||    22
 Fire: Hunting sling     ||    20
 Cast: Sandblast         ||     4
Armor: Robe              ||     7
Dodge: Dodged            ||    23

Table legend:
 A = Spawn XP
 B = Non-spawn XP
 C = Spawn XP percentage of total XP
 D = Spawn monster count
 E = Non-spawn monster count
 F = Spawn count percentage of total count
 G = Total turns spent on level
                    A         B        C        D         E        F      G
               +---------+---------+-------+---------+---------+-------+---------
         Total |       0 |      14 |   0.0 |       0 |       7 |   0.0 |   310
               +---------+---------+-------+---------+---------+-------+---------
           D:1 |       0 |      14 |   0.0 |       0 |       7 |   0.0 |   310
               +---------+---------+-------+---------+---------+-------+---------
